Map: Hecate LE

Players

ONSYDERyung (Ryung)

  • Race: Terran Terran
  • Spawn Location: 7:00

LiquidCure (Cure) - Winner!

  • Race: Terran Terran
  • League: Master
  • Spawn Location: 1:00

Event: IEM Katowice 2024

VOD

Have the link to the VOD?

Description

Time

  • Played on: Dec. 6, 2023, 4:44 a.m.
  • Length: 5:37

All games in this series

Show
View Real Time Build Order
Export as new Build Order

ONSYDERyung Terran 

Build Orders: Cyclone Opening 

Get SALT Encoding   

  12  0:00  SCV  
  13  0:12  SCV  
  14  0:16  Supply Depot  
  14  0:24  SCV  
  15  0:38  SCV  
  15  0:39  Barracks  
  16  0:43  Refinery  
  16  0:50  SCV  
  16  0:52  Refinery  
  17  1:02  SCV  
  18  1:14  SCV  
  19  1:27  Orbital Command, Reaper  
  19  1:28  Supply Depot  
  20  1:41  Factory  
  20  1:53  SCV  
  21  1:59  Reaper  
  22  2:05  SCV  
  23  2:17  SCV  
  23  2:20  Command Center  
  24  2:28  Cyclone  
  24  2:29  SCV  
  27  2:38  Starport  
  27  2:41  SCV  
  28  2:48  Barracks Reactor  
  28  2:49  Supply Depot  
  28  2:53  SCV  
  29  3:00  Cyclone  
  31  3:11  SCV  
  32  3:15  Starport Tech Lab  
  32  3:23  SCV  
  32  3:26  Marine x2  
  35  3:32  Orbital Command  
  35  3:34  Raven  
  35  3:35  Factory Tech Lab, SCV  
  38  3:47  SCV  
  39  3:51  Command Center  
  39  3:57  Siege Tank  
  39  3:59  SCV  
  39  4:00  SCV  
  44  4:08  Refinery  
  44  4:11  SCV, Marine x2  
  44  4:12  SCV  
  48  4:23  SCV  
  42  4:24  SCV  
  42  4:34  Marine x2  
  44  4:41  Raven  
  44  4:42  SCV x2  
  47  4:54  SCV x2  
  47  4:56  Barracks, Factory Reactor  
  47  4:58  Barracks  
  47  5:04  Marine  
  47  5:06  SCV  
  49  5:17  SCV, Engineering Bay  
  49  5:18  Engineering Bay  
Show
View Real Time Build Order
Export as new Build Order

LiquidCure Terran - Winner!

Build Orders: Cyclone Opening 

Get SALT Encoding   

  12  0:00  SCV  
  13  0:12  SCV  
  14  0:17  Supply Depot  
  14  0:24  SCV  
  15  0:38  SCV  
  15  0:39  Barracks  
  15  0:42  Refinery  
  16  0:50  SCV  
  16  0:52  Refinery  
  17  1:02  SCV  
  18  1:14  SCV  
  19  1:26  Reaper  
  19  1:27  Orbital Command  
  19  1:29  Supply Depot  
  20  1:44  Factory  
  20  1:52  SCV  
  21  1:58  Reaper  
  22  2:04  SCV  
  23  2:16  SCV  
  23  2:17  Command Center  
  24  2:28  Hellion, SCV  
  27  2:32  Barracks Reactor  
  27  2:40  SCV  
  27  2:42  Starport  
  27  2:43  Supply Depot  
  28  2:50  Cyclone  
  30  2:53  SCV  
  31  3:05  SCV  
  32  3:08  Marine x2  
  34  3:13  Refinery  
  34  3:17  SCV  
  34  3:18  Medivac  
  37  3:29  Orbital Command, SCV  
  38  3:35  Cyclone x2  
  38  3:38  Barracks Tech Lab  
  43  3:41  SCV  
  43  3:51  Liberator  
  43  3:54  SCV  
  47  3:55  Supply Depot  
  47  3:56  SCV  
  48  4:09  Cyclone x2  
  52  4:11  SCV  
  52  4:12  SCV  
  54  4:23  SCV  
  55  4:24  SCV  
  54  4:35  SCV  
  54  4:36  SCV  
  50  4:41  Cyclone x2  
  50  4:44  Raven  
  56  4:48  Supply Depot, SCV x2  
  58  4:54  Command Center  
  58  4:58  Supply Depot  
  58  5:00  SCV x2  
  60  5:11  Barracks Tech Lab  
  60  5:13  SCV x2  
  68  5:25  SCV  

Tags
 
Add a new tag
Caveats
  • Supply blocks, unpowered buildings, or Contaminate may cause inaccurate times.
  • Supply counts are checked every 10 seconds.